 Dungeon Crawl Stone Soup version 0.25-a0-41-g6cf4ce537d (webtiles) character file.

Game seed: 2083199368437477882, levelgen mode: deterministic

138940 hittemvvvvvhard the Warrior (level 16, -1/150 HPs)
             Began as a Red Draconian Earth Elementalist on Oct 21, 2019.
             Was an Elder of Makhleb.
             Slain by a +0 battleaxe of freezing (16 damage)
             ... on level 2 of the Elven Halls.
             The game lasted 02:14:53 (41886 turns).

hittemvvvvvhard the Warrior (DrEE)                 Turns: 41886, Time: 02:14:53

Health: -1/150     AC: 17    Str: 19    XL:     16   Next: 72%
Magic:  18/25      EV: 17    Int: 21    God:    Makhleb [****..]
Gold:   1670       SH: 13    Dex: 12    Spells: 8/27 levels left

rFire    + . .     SeeInvis .   a - +6 demon blade of a treasure trove {venom, rN+ Str+7 Stlth-}
rCold    . . .     Gourm    .   U - +3 warlock's mirror {reflect}
rNeg     + . .     Faith    .   (armour unavailable)
rPois    .         Spirit   .   R - +2 hat
rElec    .         Reflect  +   l - +0 cloak
rCorr    .         Harm     .   J - +1 pair of gloves
MR       ++...                  N - +2 pair of boots
Stlth    +.........             H - +5 amulet of reflection
HPRegen  0.35/turn              g - +6 ring of slaying
MPRegen  0.19/turn              M - ring of protection from magic

@: lethally poisoned (-1 -> -10), slowed, very slow
A: breathe fire, unfitting armour, fire resistance 1, cold-blooded, AC +9
a: Breathe Fire, Minor Destruction, Lesser Servant of Makhleb, Major
Destruction, Renounce Religion


You were on level 2 of the Elven Halls.
You worshipped Makhleb.
Makhleb was greatly pleased with you.
You were not hungry.

You visited 4 branches of the dungeon, and saw 25 of its levels.
You visited the Abyss 1 time.
You visited 1 bazaar.
You also visited: Ossuary.

You collected 3069 gold pieces.
You spent 1399 gold pieces at shops.

Inventory:

Hand Weapons
 a - the +6 demon blade of a treasure trove (weapon) {venom, rN+ Str+7 Stlth-}
   (You bought it in a shop on level 6 of the Dungeon)

   It poisons the flesh of those it strikes.
   It affects your strength (+7).
   It protects you from negative energy.
   It makes you less stealthy.
Missiles
 k - 473 stones
 m - 3 javelins
 u - 2 silver javelins
 I - 13 poisoned darts (quivered)
 K - 6 throwing nets {=f}
 Q - 542 arrows
Armour
 l - a +0 cloak (worn)
 J - a +1 pair of gloves (worn)
 N - a +2 pair of boots (worn)
 R - a +2 hat (worn)
 U - the +3 warlock's mirror (worn) {reflect}
   (You acquired it on level 6 of the Lair of Beasts)
Jewellery
 f - an uncursed ring of ice {rC+, rF-}
 g - a +6 ring of slaying (left hand)
 x - an uncursed ring of flight
 C - an uncursed ring of resist corrosion
 F - an uncursed ring of protection from fire
 H - a +5 amulet of reflection (around neck)
 M - a ring of protection from magic (right hand)
 S - an uncursed ring of see invisible
Wands
 d - a wand of disintegration (17)
 r - a wand of flame (10)
 s - a wand of iceblast (12)
 y - a wand of clouds (13)
 D - a wand of digging (3)
 O - a wand of paralysis (9)
 P - a wand of acid (8)
 T - a wand of polymorph (12)
 V - a wand of enslavement (18)
Scrolls
 e - 2 scrolls of fear
 h - 9 scrolls of remove curse
 i - 11 scrolls of identify
 t - 25 scrolls of teleportation
 B - 6 scrolls of blinking {!r}
 X - a scroll of summoning
 Z - a scroll of holy word {!r}
Potions
 b - 17 potions of curing
 j - 7 potions of invisibility
 n - 5 potions of flight
 o - a potion of heal wounds
 q - 4 potions of lignification {!q}
 v - 4 potions of brilliance
 w - 2 potions of resistance
 A - 2 potions of might
 E - 5 potions of mutation {!q}
 L - 2 potions of berserk rage {!q}
 Y - 2 potions of haste
Miscellaneous
 p - a phial of floods
 z - a phantom mirror
 W - a lightning rod (4/4)
Comestibles
 c - 23 rations


   Skills:
 + Level 15.6 Fighting
 - Level 14.0 Long Blades
 + Level 9.5 Dodging
 - Level 1.7 Stealth
 - Level 4.0 Shields
 + Level 6.0 Spellcasting
 - Level 7.3 Conjurations
 + Level 6.3 Summonings
 - Level 3.0 Translocations
 - Level 1.0 Transmutations
 + Level 6.2 Air Magic
 - Level 14.0 Earth Magic
 - Level 4.2 Invocations
 - Level 5.1 Evocations


You had 8 spell levels left.
You knew the following spells:

 Your Spells              Type           Power        Failure   Level  Hunger
a - Sandblast             Erth           ######       1%          1    None
b - Blink                 Tloc           N/A          4%          2    None
c - Summon Lightning Spi  Summ/Air       ####....     8%          4    ####...
s - Sticks to Snakes      Tmut           ##......     10%         2    None
w - Passwall              Tmut/Erth      #####...     1%          2    None
x - Stone Arrow           Conj/Erth      ######       1%          3    ##.....
z - Lee's Rapid Deconstr  Erth           ######....   1%          5    #####..

Your spell library contained the following spells:

 Spells                   Type           Power        Failure   Level  Hunger
 Magic Dart               Conj           ####         1%          1    None
 Summon Butterflies       Summ           ####....     1%          1    None
 Summon Small Mammal      Summ           ####         1%          1    None
 Call Imp                 Summ           ####....     1%          2    None
 Searing Ray              Conj           #####.       1%          2    None
 Apportation              Tloc           ###...       2%          1    None
 Flame Tongue             Conj/Fire      ###..        2%          1    None
 Call Canine Familiar     Summ           ####....     2%          3    ##.....
 Throw Frost              Conj/Ice       ###...       3%          2    None
 Poisonous Vapours        Pois/Air       ###...       4%          2    None
 Mephitic Cloud           Conj/Pois/Air  ####....     4%          3    ##.....
 Iskenderun's Mystic Bla  Conj           #####...     4%          4    ####...
 Petrify                  Tmut/Erth      #####...     4%          4    ####...
 Beastly Appendage        Tmut           ##....       6%          1    None
 Conjure Flame            Conj/Fire      ###.....     6%          3    ##.....
 Dazzling Spray           Conj/Hex       ###...       6%          3    ##.....
 Shroud of Golubria       Chrm/Tloc      ##....       8%          2    None
 Summon Guardian Golem    Hex/Summ       ###.....     8%          3    ##.....
 Gell's Gravitas          Tloc           ###.......   9%          3    ##.....
 Lesser Beckoning         Tloc           ###.......   9%          3    ##.....
 Teleport Other           Tloc           ###.....     9%          3    ##.....
 Animate Skeleton         Necr           N/A          10%         1    None
 Confusing Touch          Hex            #.....       10%         1    None
 Corona                   Hex            #......      10%         1    None
 Freeze                   Ice            #...         10%         1    None
 Pain                     Necr           #...         10%         1    None
 Force Lance              Conj/Tloc      ####....     12%         4    ####...
 Ensorcelled Hibernation  Hex/Ice        #.....       14%         2    None
 Fulminant Prism          Conj/Hex       ###.......   22%         4    ####...
 Throw Icicle             Conj/Ice       ###.....     22%         4    ####...
 Spider Form              Tmut/Pois      #.........   24%         3    ##.....
 Summon Ice Beast         Ice/Summ       ###.....     26%         4    ####...
 Confuse                  Hex            #.......     28%         3    ##.....
 Ozocubu's Armour         Chrm/Ice       #.......     28%         3    ##.....
 Regeneration             Chrm/Necr      #.........   28%         3    ##.....
 Tukima's Dance           Hex            #.......     28%         3    ##.....
 Vampiric Draining        Necr           #.........   28%         3    ##.....
 Passage of Golubria      Tloc           N/A          28%         4    ####...
 Summon Mana Viper        Hex/Summ       ###.....     58%         5    #####..
 Ice Form                 Ice/Tmut       #.......     61%         4    ####...
 Animate Dead             Necr           N/A          67%         4    ####...
 Blade Hands              Tmut           ##........   87%         5    #####..
 Yara's Violent Unravell  Hex/Tmut       #.........   91%         5    #####..
 Freezing Cloud           Conj/Ice/Air   ####......   93%         6    #######
 Metabolic Englaciation   Hex/Ice        #.........   95%         5    #####..
 Bolt of Cold             Conj/Ice       ###.......   97%         6    #######
 Summon Hydra             Summ           ####......   99%         7    #######
 Ring of Flames           Chrm/Fire      #.........   100%        7    #######


Dungeon Overview and Level Annotations

Branches:
Dungeon (15/15)            Temple (0/1) D:4            Lair (6/6) D:11
  Swamp (0/4) Lair:3       Spider (0/4) Lair:4        Slime (0/5) Lair:6
    Orc (2/2) D:10            Elf (2/3) Orc:2        Vaults (0/5) D:13
 Depths (0/5) D:15        Ossuary (visited)

Altars:
Ashenzari
Kikubaaqudgha
Makhleb
Okawaru
Sif Muna
Vehumet
Wu Jian
Xom
Yredelemnul
Beogh

Shops:
D:6 (}(!%   D:10 *   Orc:2 }[!   Elf:1 ?

Portals:
Hell: Lair:6

Annotations:
D:2 exclusion: downstairs, Sigmund
D:8 3 exclusions, Harold
D:12 exclusion: downstairs
D:14 exclusion: 4 oklob plants
Lair:2 exclusion: downstairs
Lair:6 exclusion: 3 oklob plants
Orc:1 exclusion: downstairs
Orc:2 5 runed translucent doors, exclusion: orange crystal statue, zhorgal's ghost, journeyman MiMo
Elf:1 exclusions: 2 doors and orange crystal statue


Innate Abilities, Weirdness & Mutations

You can breathe blasts of fire.
Your fiery red scales are hard. (AC +9)
You cannot fit into any form of body armour.
Your flesh is heat resistant. (rF+)
You are cold-blooded and may be slowed by cold attacks.


Message History

You feel as though you will be slow longer.
The +0 battleaxe of freezing freezes you!
The +0 battleaxe of freezing hits your neqoxec!!
The +0 battleaxe of freezing freezes your neqoxec.
Your neqoxec dies!
You take 32 damage, and have 76/150 hp.
MASSIVE DAMAGE!!
A demon appears!
The +0 battleaxe of freezing closely misses you.
The +1 glaive of venom hits you from afar!!
* * * LOW HITPOINT WARNING * * *
You are poisoned.
You take 27 damage, and have 49/150 hp.
You feel very sick.
Your orange demon stings the +0 battleaxe of freezing from afar.
The +0 battleaxe of freezing hits you!!
* * * LOW HITPOINT WARNING * * *
You feel as though you will be slow longer.
The +0 battleaxe of freezing freezes you!
You die...

.............. ............#
..........## ..........#
.......... ......... ##()...#
++#(')..# #.†@##### ########
####'(4#### ### #
.#.##..####...#.#)..###.# #
.#.##....#.....#.....##.# #
.#....)...............#.### #
.'....#.#...).)..)...)....#######
.#.####.#......)......#.)........
##.# #.##...).......####..######
##.# #.#.#....8.)..#.# #..#


You could see 2 dancing weapons and a friendly orange demon.

Levels and vault maps discovered:
D:1:      enne_arrival_octagon_isle, layout_basic
D:2:      layout_basic, minmay_misc_feat_ornament, kennysheep_generic_room_12,
          uniq_sigmund
D:3:      layout_loops_ring, grunt_temple_overflow_champion_of_chaos,
          overflow_temple_1_default, gup_sewer_entry_glass,
          nicolae_underground_beach
D:4:      layout_loops_corners, minmay_temple_entry_nine_rooms
D:5:      layout_cave_pods, first_ration, uniq_pikel
D:6:      layout_basic, evilmike_ruin_ashenzari, marbit_many_paths,
          serial_shops, shop, nicolae_shop_temple_entry_statues_fountains, shop,
          shop_statue, nicolae_shop_stone, enter_ossuary_1, uniq_grinder
D:7:      layout_basic, serial_curves, eino_curves_02, eino_curves_04,
          uniq_menkaure, uniq_joseph
D:8:      layout_cave_pods, nicolae_overflow_hidden_temple, grunt_ogre_cave,
          uniq_harold
D:9:      layout_roguey
D:10:     lemuel_upstairs_altar, layout_cave_pools, david_orc_5,
          serial_gnoll_camp, gnoll_camp_huts_moat, gnoll_camp_mini_house,
          gnoll_camp_mini_sergeant, gnoll_camp_mini_shop, gnoll_camp_medium_02,
          minivault_1, led_sif_book
D:11:     layout_basic, grunt_lair_entry_orc_guard_hut
D:12:     minmay_the_grid_octo_2x2 [minmay_the_grid_octo_empty,
          minmay_the_grid_octo_focus, minmay_the_grid_octo_clover,
          minmay_the_grid_octo_prize_square_snowflake], layout_small_grid,
          minivault_13
D:13:     layout_cave_pools, lightli_vaults_fourway_checkpoint,
          portal_ice_cave_entry_pillars_2, nicolae_looking_at_the_future
D:14:     hangedman_what_comes_after_a, layout_irregular_city,
          hangedman_abyss_or_decor_stagger
D:15:     hangedman_depths_entry_civil_slaughter, layout_basic,
          minmay_strange_pillars
Lair:1:   layout_regular_city, lemuel_fruit_tree
Lair:2:   layout_regular_city
Lair:3:   layout_regular_city, palyth_hydra_swamp_entry
Lair:4:   layout_regular_city, spider_nest_entry_web_field
Lair:5:   layout_small_grid
Lair:6:   evil_forest, layout_loops_ring, minmay_slime_entry_oklob_open,
          ldierk_geyser
Orc:1:    minmay_goldmine, layout_diamond_mine, uniq_josephine
Orc:2:    kennysheep_orc_mage_school, layout_caves, ebering_ghost_rock_garden,
          basic_altar, chequers_guarded_unrand_ignorance
Elf:1:    due_chaos_kobolds, layout_loops_corners, serial_shops, shop_fountains,
          mu_enter_wizlab_4, minmay_elf_sorcery, grunt_ministairs_8
Elf:2:    layout_gridlike, serial_shops, freezing_bzr

Notes
Turn   | Place    | Note
-------+----------+-------------------------------------------
     0 | D:1      | hittemvvvvvhard the Draconian Earth Elementalist began the
                  | quest for the Orb.
     0 | D:1      | Reached XP level 1. HP: 14/14 MP: 3/3
   153 | D:1      | Reached XP level 2. HP: 20/20 MP: 1/5
   460 | D:1      | Reached skill level 4 in Earth Magic
   879 | D:1      | Reached XP level 3. HP: 26/26 MP: 4/6
  1106 | D:2      | Noticed Sigmund
  1640 | D:2      | Learned a level 3 spell: Stone Arrow
  2248 | D:3      | Reached XP level 4. HP: 33/33 MP: 3/7
  2374 | D:3      | Reached skill level 5 in Earth Magic
  2452 | D:2      | Learned a level 2 spell: Passwall
  2506 | D:3      | Noticed an orc warrior
  2640 | D:3      | Found a radiant altar of Vehumet.
  3006 | D:3      | Found a shimmering altar of Xom.
  3009 | D:3      | Reached XP level 5. HP: 38/38 MP: 4/8
  3016 | D:3      | Found a burning altar of Makhleb.
  3621 | D:3      | Reached skill level 3 in Spellcasting
  3871 | D:3      | hittemvvvvvhard: ??sandblast
  3871 | D:3      | beem: sandblast[1/1]: Wield stones to do more damage and
                  | increase range from 2 to 3 with this spell. Sandblast with
                  | stones maxes out at 2d20 damage, although damage reduction
                  | from enemy AC is applied thrice instead of once. Og and Tr
                  | can use large rocks, with damage maxing out at 3d20.
                  | To-hit: 13+power/10 with ammo, 8+power/5 otherwise. In
                  | 0.20+, only cast with stones.
  3889 | D:3      | Killed an orc warrior
  3889 | D:3      | Reached skill level 6 in Earth Magic
  3889 | D:3      | Reached XP level 6. HP: 45/45 MP: 0/10
  4538 | D:3      | Became a worshipper of Makhleb the Destroyer
  4615 | D:4      | Reached skill level 2 in Dodging
  4803 | D:4      | Learned a level 2 spell: Sticks to Snakes
  5043 | D:4      | Reached skill level 1 in Fighting
  5043 | D:4      | Reached skill level 1 in Conjurations
  5134 | D:4      | Reached skill level 2 in Conjurations
  5249 | D:4      | Your scales start taking on a fiery red colour.
  5249 | D:4      | Reached XP level 7. HP: 50/53 MP: 6/12
  5249 | D:4      | Gained mutation: Your flesh is heat resistant. (rF+) [Red
                  | Draconian growth]
  5300 | D:4      | Found a staircase to the Ecumenical Temple.
  5414 | D:4      | Reached skill level 2 in Fighting
  5843 | D:4      | Reached skill level 3 in Conjurations
  6083 | D:5      | Entered Level 5 of the Dungeon
  6482 | D:5      | Reached skill level 4 in Spellcasting
  6522 | D:5      | Reached skill level 4 in Conjurations
  6605 | D:5      | Reached skill level 5 in Conjurations
  6658 | D:5      | Reached * piety under Makhleb
  6776 | D:5      | Noticed Pikel
  6791 | D:5      | Killed Pikel
  6791 | D:5      | Reached skill level 7 in Conjurations
  6791 | D:5      | Reached XP level 8. HP: 46/61 MP: 1/14
  7040 | D:5      | Reached skill level 2 in Long Blades
  7237 | D:5      | Reached skill level 3 in Long Blades
  7643 | D:6      | Found a shattered altar of Ashenzari.
  7735 | D:6      | Reached skill level 4 in Long Blades
  7837 | D:6      | Found Hiraisch's Food Boutique.
  7874 | D:6      | Found Donuurr's Distillery.
  7891 | D:6      | Bought a potion of heal wounds for 65 gold pieces
  7913 | D:6      | Bought a potion of curing for 39 gold pieces
  7955 | D:6      | Found Secet's Antique Weapon Shop.
  8029 | D:6      | Reached skill level 5 in Long Blades
  8058 | D:6      | Found a sand-covered staircase.
  8065 | Ossuary  | Entered an ossuary
  8265 | Ossuary  | Reached ** piety under Makhleb
  8265 | Ossuary  | Reached XP level 9. HP: 67/67 MP: 15/15
  8698 | D:6      | Noticed Grinder
  8701 | D:6      | Killed Grinder
  8701 | D:6      | Reached skill level 6 in Long Blades
  8736 | D:6      | Identified a scroll of acquirement
  8739 | D:6      | Got a crude triple sword
  8740 | D:6      | Identified the +2 triple sword "Dragonbane" {protect,
                  | *Drain +Rage Dex+5 Stlth+} (You acquired it on level 6 of
                  | the Dungeon)
  8936 | D:6      | Reached skill level 7 in Long Blades
  8936 | D:6      | Reached skill level 2 in Evocations
  9029 | D:6      | Found Lexkaosh's Gadget Boutique.
  9101 | D:6      | Found Wemaul's Antique Weapon Shoppe.
  9392 | D:6      | Found a basalt altar of Yredelemnul.
  9559 | D:7      | Reached skill level 3 in Evocations
  9879 | D:7      | Reached skill level 4 in Evocations
  9983 | D:7      | Reached skill level 8 in Long Blades
 10098 | D:7      | Reached skill level 5 in Evocations
 10101 | D:7      | Reached *** piety under Makhleb
 10202 | D:7      | Noticed Menkaure
 10204 | D:7      | Killed Menkaure
 10204 | D:7      | Reached skill level 1 in Invocations
 10221 | D:7      | Reached skill level 2 in Invocations
 10339 | D:7      | Reached XP level 10. HP: 73/73 MP: 0/16
 10557 | D:7      | Noticed Joseph
 10569 | D:7      | Killed Joseph
 10569 | D:7      | Reached skill level 3 in Invocations
 10855 | D:8      | Noticed Harold
 10896 | D:8      | Reached skill level 4 in Invocations
 11163 | D:8      | Found an iron altar of Okawaru.
 11740 | D:8      | Reached skill level 3 in Fighting
 12078 | D:9      | Paralysed by a hornet for 3 turns
 12082 | D:9      | Reached skill level 3 in Dodging
 12540 | D:9      | Reached skill level 7 in Earth Magic
 12628 | D:9      | Reached skill level 4 in Fighting
 12739 | D:9      | Reached **** piety under Makhleb
 13192 | D:10     | Entered Level 10 of the Dungeon
 13193 | D:10     | Reached skill level 4 in Dodging
 13200 | D:10     | Reached skill level 9 in Long Blades
 13411 | D:9      | Reached skill level 5 in Fighting
 13457 | D:10     | Found a shimmering blue altar of Sif Muna.
 13642 | D:10     | Learned a level 5 spell: Lee's Rapid Deconstruction
 13652 | D:10     | Found Xuggug's General Store.
 13713 | D:10     | Reached XP level 11. HP: 73/86 MP: 3/17
 13725 | D:10     | Reached ***** piety under Makhleb
 14151 | D:10     | Reached skill level 5 in Dodging
 14327 | D:10     | Found a roughly hewn altar of Beogh.
 14327 | D:10     | Found a staircase to the Orcish Mines.
 14680 | D:10     | Reached skill level 10 in Long Blades
 15335 | D:6      | Bought a crude demon blade for 400 gold pieces
 15335 | D:6      | Identified the +6 demon blade of a treasure trove {venom,
                  | rN+ Str+7 Stlth-} (You bought it in a shop on level 6 of
                  | the Dungeon)
 15787 | D:10     | Reached skill level 1 in Shields
 16533 | D:10     | Bought a +0 buckler for 63 gold pieces
 16551 | D:11     | Noticed a brown ugly thing
 16557 | D:11     | Killed a brown ugly thing
 16557 | D:11     | Reached skill level 2 in Shields
 16811 | D:11     | Reached skill level 3 in Shields
 17181 | D:11     | Found a staircase to the Lair.
 17442 | D:10     | Found an ornate altar of the Wu Jian Council.
 17482 | Lair:1   | Entered Level 1 of the Lair of Beasts
 17651 | Lair:1   | Reached skill level 4 in Shields
 17692 | Lair:1   | Reached skill level 11 in Long Blades
 18124 | Lair:1   | Learned a level 2 spell: Blink
 18214 | Lair:1   | Reached ****** piety under Makhleb
 18214 | Lair:1   | Reached skill level 1 in Translocations
 18622 | Lair:2   | Reached skill level 2 in Translocations
 19232 | Lair:3   | Reached skill level 12 in Long Blades
 19258 | Lair:3   | Noticed a seven-headed hydra
 19265 | Lair:3   | Reached skill level 3 in Translocations
 19467 | Lair:3   | Reached XP level 12. HP: 92/94 MP: 14/18
 19901 | Lair:3   | Reached skill level 13 in Long Blades
 20079 | Lair:3   | Killed a seven-headed hydra
 20196 | Lair:3   | Noticed an eight-headed hydra
 20207 | Lair:3   | Killed an eight-headed hydra
 20256 | Lair:3   | Noticed a six-headed hydra
 20266 | Lair:3   | Killed a six-headed hydra
 20309 | Lair:3   | Found a staircase to the Swamp.
 21025 | Lair:4   | Found a hole to the Spider Nest.
 21858 | Lair:5   | Noticed a seven-headed hydra
 21865 | Lair:5   | Killed a seven-headed hydra
 21865 | Lair:5   | Reached skill level 6 in Fighting
 21994 | Lair:5   | Reached skill level 5 in Spellcasting
 22158 | Lair:5   | Reached skill level 14 in Long Blades
 22476 | Lair:5   | Noticed a five-headed hydra
 22481 | Lair:5   | Killed a five-headed hydra
 22481 | Lair:5   | Reached skill level 6 in Dodging
 22664 | Lair:5   | Noticed a six-headed hydra
 22671 | Lair:5   | Killed a six-headed hydra
 22701 | Lair:5   | Reached skill level 7 in Fighting
 23323 | Lair:6   | Entered Level 6 of the Lair of Beasts
 23336 | Lair:6   | Reached XP level 13. HP: 107/107 MP: 20/20
 23345 | Lair:6   | Reached skill level 8 in Fighting
 23611 | Lair:6   | Reached skill level 9 in Fighting
 24165 | Lair:6   | Reached skill level 10 in Fighting
 24168 | Lair:6   | Noticed a dire elephant
 24190 | Lair:6   | Killed a dire elephant
 24635 | Lair:6   | Found the +3 warlock's mirror {reflect}
 24841 | Lair:6   | Found a staircase to the Slime Pits.
 24932 | Lair:6   | Reached skill level 8 in Earth Magic
 25068 | Lair:6   | Found a burning altar of Makhleb.
 25091 | Lair:6   | Reached skill level 11 in Fighting
 25371 | Lair:6   | Found a gateway to Hell.
 25379 | Lair:6   | Got a shimmering hand crossbow
 25380 | Lair:6   | Identified the +4 hand crossbow of Spite {speed, rElec
                  | Dex+4} (You found it on level 6 of the Lair of Beasts)
 25786 | Orc:1    | Entered Level 1 of the Orcish Mines
 26372 | Orc:2    | Entered Level 2 of the Orcish Mines
 26391 | Orc:2    | Found a staircase to the Elven Halls.
 26462 | Orc:1    | Reached skill level 9 in Earth Magic
 26818 | Orc:1    | Noticed Josephine
 26843 | Orc:1    | Killed Josephine
 27147 | Orc:2    | Found a roughly hewn altar of Beogh.
 27652 | Orc:2    | Found a runed translucent gate.
 27652 | Orc:2    | Found a runed translucent gate.
 27652 | Orc:2    | Found a runed translucent gate.
 27656 | Orc:2    | Noticed zhorgal's ghost (journeyman MiMo)
 27664 | Orc:2    | Found a runed translucent door.
 27801 | Orc:2    | Found the +10 large shield of Ignorance {rN+ Int-4}
 27806 | Orc:2    | Found a runed translucent door.
 27949 | Orc:2    | Noticed an orc warlord
 27970 | Orc:1    | Reached skill level 12 in Fighting
 28236 | Orc:2    | Killed an orc warlord
 28626 | Orc:2    | Found Ohakkef's Distillery.
 28633 | Orc:2    | Reached XP level 14. HP: 126/126 MP: 21/21
 28661 | Orc:2    | Found an ancient bone altar of Kikubaaqudgha.
 28667 | Orc:2    | Noticed Nergalle
 28675 | Orc:2    | Killed Nergalle
 28838 | Orc:2    | Found Oxzam's Antique Armour Shoppe.
 28847 | Orc:2    | Reached skill level 10 in Earth Magic
 28848 | Orc:2    | Noticed Erolcha
 28867 | Orc:2    | Killed Erolcha
 28882 | Orc:2    | Found a roughly hewn altar of Beogh.
 28882 | Orc:2    | Found Xeaxumaa's Distillery.
 28886 | Orc:2    | Found Jutsom's Gadget Emporium.
 28901 | Orc:2    | Bought a wand of clouds (4) for 312 gold pieces
 28901 | Orc:2    | Bought a wand of acid (8) for 312 gold pieces
 28922 | Orc:2    | Found a radiant altar of Vehumet.
 28935 | Orc:2    | Bought an embroidered scarf for 208 gold pieces
 28990 | Orc:2    | Paralysed by an orc sorcerer for 5 turns
 29732 | D:12     | Found a runed translucent door.
 29733 | D:12     | Noticed a tengu reaver
 29756 | D:12     | Killed a tengu reaver
 30019 | D:12     | Noticed a sphinx
 30122 | D:12     | Reached skill level 13 in Fighting
 30330 | D:12     | Reached skill level 11 in Earth Magic
 30604 | D:12     | Paralysed by a hornet for 3 turns
 31493 | D:12     | Killed a sphinx
 31910 | D:13     | Reached skill level 14 in Fighting
 31919 | D:13     | Found a gate to the Vaults.
 31925 | D:13     | Reached skill level 12 in Earth Magic
 31946 | D:13     | Cast into level 3 of the Abyss (vault guard)
 31994 | Abyss:3  | Noticed a brown very ugly thing
 32008 | Abyss:3  | Noticed a brown very ugly thing
 32009 | Abyss:3  | Noticed a brown very ugly thing
 32010 | Abyss:3  | Noticed a brown very ugly thing
 32011 | Abyss:3  | Noticed a brown very ugly thing
 32152 | Abyss:3  | Noticed a starcursed mass
 32218 | Abyss:3  | Noticed a tentacled starspawn
 32226 | Abyss:3  | Killed a tentacled starspawn
 32346 | Abyss:3  | Noticed a tentacled starspawn
 32369 | Abyss:3  | Killed a tentacled starspawn
 32374 | Abyss:3  | Reached XP level 15. HP: 121/139 MP: 14/22
 32588 | D:13     | Escaped the Abyss
 33210 | D:13     | Reached skill level 15 in Fighting
 33889 | D:13     | Reached skill level 13 in Earth Magic
 34617 | D:13     | HP: 35/141 [poisoned by a green ugly thing]
 34623 | D:13     | HP: 32/141 [poisoned by a green ugly thing]
 34629 | D:13     | HP: 30/141 [poisoned by a green ugly thing]
 34634 | D:13     | HP: 30/141 [poisoned by a green ugly thing]
 34641 | D:13     | HP: 30/141 [poisoned by a green ugly thing]
 34649 | D:13     | HP: 31/141 [poisoned by a green ugly thing]
 35804 | D:14     | Reached skill level 7 in Dodging
 35841 | D:14     | Noticed a sphinx
 35852 | D:14     | Killed a sphinx
 36468 | D:14     | Reached skill level 14 in Earth Magic
 36607 | D:13     | Reached skill level 8 in Dodging
 37450 | D:15     | Entered Level 15 of the Dungeon
 37491 | D:15     | Learned a level 4 spell: Summon Lightning Spire
 37738 | D:15     | Reached skill level 1 in Air Magic
 37757 | D:15     | Reached skill level 1 in Summonings
 37890 | D:15     | Reached skill level 9 in Dodging
 37890 | D:15     | Reached skill level 2 in Summonings
 37890 | D:15     | Reached skill level 2 in Air Magic
 37902 | D:15     | Reached XP level 16. HP: 137/149 MP: 1/23
 38027 | D:15     | Found a staircase to the Depths.
 38245 | D:15     | Reached skill level 3 in Air Magic
 38313 | D:15     | Reached skill level 3 in Summonings
 38765 | Elf:1    | Entered Level 1 of the Elven Halls
 38902 | Elf:1    | Reached skill level 4 in Summonings
 38902 | Elf:1    | Reached skill level 4 in Air Magic
 39255 | Elf:1    | Reached skill level 5 in Air Magic
 39258 | Elf:1    | Reached skill level 5 in Summonings
 39355 | Elf:1    | Found Asoukhle's Magic Scroll Shoppe.
 39378 | Elf:1    | Found a shimmering altar of Xom.
 40207 | Elf:1    | Noticed a deep elf sorcerer
 40209 | Elf:1    | Killed a deep elf sorcerer
 40244 | Elf:1    | Identified the Catalogue of Supportive Combat Magic
 40358 | Elf:2    | Found a runed translucent gate.
 40390 | Elf:2    | Noticed a deep elf sorcerer
 40394 | Elf:2    | Killed a deep elf sorcerer
 40440 | Elf:2    | Found a flickering gateway to a bazaar.
 40524 | Elf:2    | HP: 37/149 [something (9)]
 40525 | Bazaar   | Entered a bazaar
 40872 | Bazaar   | Found Bas Toh's Food Boutique.
 40897 | Bazaar   | Found Giys's Food Boutique.
 40922 | Bazaar   | Found Role's Food Boutique.
 41222 | Elf:2    | Found a runed translucent gate.
 41222 | Elf:2    | Found a runed translucent gate.
 41228 | Elf:2    | Identified the +4 short sword of Mees {pierce, *Rage rPois
                  | rN+++ Dex-3} (You found it on level 2 of the Elven Halls)
 41319 | Elf:2    | Reached skill level 6 in Summonings
 41497 | Elf:2    | Reached skill level 6 in Air Magic
 41737 | Elf:2    | Reached skill level 6 in Spellcasting
 41886 | Elf:2    | HP: 15/150 [+0 battleaxe of freezing (32)]
 41886 | Elf:2    | Slain by a +0 battleaxe of freezing

Table legend:
 A = Turns spent in this place as a percentage of turns spent in the entire game.
 B = Non-inter-level travel turns spent in this place as a percentage of non-inter-level travel turns spent in the entire game.
 C = Inter-level travel turns spent in this place as a percentage of turns spent in this place.
 D = Turns resting spent in this place as a percentage of non-inter-level travel turns spent in this place.
 E = Turns spent auto-exploring this place as a percentage of non-inter-level travel turns spent in this place.
 F = Non-inter-level travel turns spent in this place divided by the number of levels of this place that you've seen.
                   A       B       C       D       E      F
               +-------+-------+-------+-------+-------+----------------------
         Total | 100.0 | 100.0 |   5.3 |   6.9 |  75.6 | 1416.2
       Dungeon |  61.8 |  61.0 |   6.7 |   7.4 |  75.3 | 1611.3
          Lair |  19.6 |  20.1 |   2.9 |   3.6 |  83.0 | 1329.5
  Orcish Mines |   8.3 |   8.4 |   4.6 |  12.2 |  69.6 | 1662.5
   Elven Halls |   6.2 |   6.3 |   3.8 |   9.4 |  60.7 | 1242.0
         Abyss |   1.5 |   1.6 |   0.0 |   1.4 |  62.3 | 642.0
        Bazaar |   1.0 |   1.1 |   0.0 |   0.0 |  98.6 | 435.0
       Ossuary |   1.5 |   1.6 |   0.0 |   0.0 |  78.7 | 621.0
               +-------+-------+-------+-------+-------+----------------------

Table legend:
 A = Kills in this place as a percentage of kills in entire the game.
 B = Kills by you in this place as a percentage of kills by you in the entire game.
 C = Kills by friends in this place as a percentage of kills by friends in the entire game.
 D = Other kills in this place as a percentage of other kills in the entire game.
 E = Experience gained in this place as a percentage of experience gained in the entire game.
 F = Experience gained in this place divided by the number of levels of this place that you have seen.
                   A       B       C       D       E      F
               +-------+-------+-------+-------+-------+----------------------
         Total | 100.0 | 100.0 | 100.0 | 100.0 | 100.0 | 7088.8
       Dungeon |  60.0 |  61.4 |  32.7 |  50.0 |  45.6 | 6038.1
          Lair |  14.1 |  12.8 |  38.8 |   0.0 |  19.4 | 6415.5
  Orcish Mines |  12.9 |  12.2 |  24.5 |  50.0 |   7.3 | 7204.0
   Elven Halls |   7.2 |   7.5 |   2.0 |   0.0 |  20.2 | 20005.5
         Abyss |   2.8 |   2.8 |   2.0 |   0.0 |   7.4 | 14753.0
       Ossuary |   3.1 |   3.2 |   0.0 |   0.0 |   0.1 | 250.0
               +-------+-------+-------+-------+-------+----------------------

Skill      XL: |  1  2  3  4  5  6  7  8  9 10 11 12 13 14 15 16 |
---------------+-------------------------------------------------+-----
Earth Magic    | 4 5 6 7 9 12 14 | 14.0
Spellcasting   | 3 4 5 6 |  6.0
Dodging        | 2 4 5 6 9 |  9.5
Fighting       | 1 2 5 7 12 14 15 | 15.6
Conjurations   | 2 7 |  7.3
Long Blades    | 5 8 9 12 14 | 14.0
Evocations     | 5 |  5.1
Invocations    | 2 4 |  4.2
Shields        | 4 |  4.0
Translocations | 3 |  3.0
Air Magic      | 2 6 |  6.2
Summonings     | 2 6 |  6.3
Stealth        | |  1.7
Transmutations | |  1.0

Action                   |  1- 3 |  4- 6 |  7- 9 | 10-12 | 13-15 | 16-18 || total
-------------------------+-------+-------+-------+-------+-------+-------++-------
Melee: Long sword        |    16 |    55 |    89 |       |       |       ||   160
       Tailslap          |     2 |     8 |    10 |    66 |   158 |    30 ||   274
       Triple sword      |       |       |    39 |   135 |       |       ||   174
       Demon blade       |       |       |       |   266 |   881 |   228 ||  1375
Throw: Boomerang         |     5 |     6 |       |    13 |     2 |       ||    26
       Dart              |     2 |    40 |    77 |   121 |    44 |    13 ||   297
       Throwing net      |       |     2 |       |       |       |       ||     2
       Javelin           |       |       |       |     2 |     8 |       ||    10
 Cast: Sandblast         |    50 |    19 |    64 |    66 |    44 |     1 ||   244
       Stone Arrow       |       |    24 |    32 |   146 |   151 |    20 ||   373
       Blink             |       |       |       |     1 |     1 |       ||     2
       Lee's Rapid Decon |       |       |       |       |    28 |    17 ||    45
Invok: Lesser Servant of |       |       |       |    15 |    81 |    14 ||   110
 Abil: Breathe Fire      |       |       |    12 |    41 |    43 |    10 ||   106
Evoke: Wand              |       |       |       |       |     4 |       ||     4
  Use: Scroll            |     5 |     1 |     7 |    14 |     9 |     4 ||    40
       Potion            |       |     1 |     1 |     1 |     3 |     1 ||     7
 Stab: Sleeping          |       |     1 |     6 |     6 |       |       ||    13
       Distracted        |       |       |       |       |     3 |       ||     3
       Invisible         |       |       |       |       |     1 |       ||     1
  Eat: Chunk             |     4 |    13 |    14 |    51 |    43 |    17 ||   142
       Ration            |       |       |     2 |     4 |     8 |     1 ||    15
Armor: Skin              |     4 |    23 |    50 |   180 |   230 |    39 ||   526
Dodge: Dodged            |    10 |    42 |    67 |   360 |   502 |    91 ||  1072
Block: Buckler           |       |       |       |    43 |   340 |    94 ||   477
       Shield            |       |       |       |    12 |       |       ||    12
       Reflection        |       |       |       |       |    34 |    18 ||    52
       Rpst.: Long sword |     3 |    11 |    16 |       |       |       ||    30
       Triple sword      |       |       |     9 |    39 |       |       ||    48
       Demon blade       |       |       |       |    41 |   110 |    21 ||   172

Vanquished Creatures
  2 sphinxes
  2 tentacled starspawn (Abyss:3)
  A tengu reaver (D:12)
  2 deep elf sorcerers
  A deep elf annihilator (Elf:2)
  A deep elf death mage (Elf:2)
  2 fire dragons
  Josephine (Orc:1)
  2 ettins
  12 hydras
  4 vault guards (D:13)
  A great orb of eyes (D:12)
  2 centaur warriors (D:12)
  A catoblepas (D:14)
  A death knight (D:14)
  7 two-headed ogres
  10 dancing weapons
  An ogre mage (D:15)
  A death yak (Lair:6)
  A deep troll earth mage (D:14)
  4 thrashing horrors (Abyss:3)
  An orc high priest (Elf:1)
  5 deep elf knights
  Nergalle (Orc:2)
  5 skeletal warriors
  3 starcursed masses (Abyss:3)
  3 unseen horrors
  2 wizards
  Pikel (D:5)
  6 deep elf archers
  3 orc knights
  A wolf spider zombie (D:15)
  5 ugly things
  A wolf spider (D:14)
  8 orc sorcerers
  32 deep elf magi
  A worldbinder (Abyss:3)
  2 black mambas (Lair:6)
  4 cyclopes
  2 manticores
  A rust devil (Abyss:3)
  An eye of devastation (shapeshifter) (D:14)
  3 smoke demons
  2 orange demons
  2 torpor snails (Lair:3)
  Joseph (D:7)
  A shock serpent zombie (Abyss:3)
  6 spiny frogs
  A hellion (Abyss:3)
  4 rime drakes
  3 gargoyles
  4 komodo dragons
  A redback zombie (D:14)
  2 kobold demonologists
  An efreet (Abyss:3)
  An ancient zyme (Abyss:3)
  8 meliai
  A polar bear (Lair:5)
  A red devil (Lair:6)
  3 large abominations (Abyss:3)
  3 hornets
  Grinder (D:6)
  2 queen bees
  11 trolls
  9 blink frogs
  A raiju (Abyss:3)
  14 hippogriffs
  2 air elementals
  29 yaks
  A ynoxinul (Abyss:3)
  2 shadows
  A vampire (D:14)
  A wyvern (D:14)
  7 wraiths
  2 fire elementals
  A basilisk (Lair:6)
  A chaos spawn (Abyss:3)
  6 hungry ghosts
  Menkaure (D:7)
  7 vampire mosquitoes
  3 wargs
  An acid dragon (D:12)
  2 swamp worms (Lair:3)
  2 hell hounds (Lair:6)
  8 water moccasins
  10 porcupines
  11 ice beasts
  2 slaves (D:5)
  A meliai simulacrum (D:14)
  31 orc warriors
  2 sky beasts
  A black bear (shapeshifter) (Abyss:3)
  An eye of draining (D:12)
  3 black bears
  5 phantoms
  9 wolves
  6 centaurs
  10 ogres
  14 crocodiles
  5 big kobolds
  An earth elemental (Elf:2)
  22 bullfrogs
  2 wyvern zombies
  4 gnoll sergeants (D:10)
  A water moccasin skeleton (D:8)
  A wyvern skeleton (D:13)
  7 scorpions
  49 killer bees
  13 wights
  An electric eel (D:10)
  2 howler monkeys
  3 bullfrog zombies
  3 crimson imps
  A quasit (D:9)
  6 centaur zombies
  4 jellies
  5 centaur skeletons
  12 hounds
  2 small abominations (Abyss:3)
  26 orc priests
  4 gnoll shamans (D:10)
  33 orc wizards
  3 bullfrog skeletons
  4 iguanas
  10 worker ants
  A killer bee zombie (D:5)
  A bullfrog simulacrum (D:12)
  A hound zombie (D:10)
  2 hound skeletons
  13 mummies (Ossuary)
  16 adders
  38 gnolls
  4 shadow imps
  An ooze (D:2)
  An adder skeleton (D:7)
  4 worms
  3 dart slugs
  6 leopard geckos
  106 orcs
  6 giant cockroaches
  8 goblins
  15 hobgoblins
  18 jackals
  4 quokkas
  2 ball pythons
  6 bats
  8 frilled lizards
  3 gnoll skeletons (Ossuary)
  3 goblin skeletons (Ossuary)
  31 kobolds
  A kobold skeleton (Ossuary)
  A quokka skeleton (D:4)
  7 rats
  11 rat skeletons (Ossuary)
  A plant (Lair:6)
962 creatures vanquished.

Vanquished Creatures (collateral kills)
  An orc warlord (Orc:2)
  A dire elephant (Lair:6)
  Erolcha (Orc:2)
  A hydra (Lair:5)
  2 tengu warriors (D:14)
  A death knight (D:12)
  2 death yaks (Lair:6)
  A dancing weapon (Elf:2)
  A sun demon (Lair:6)
  An unseen horror (D:14)
  2 ugly things (D:13)
  2 orc sorcerers (Orc:2)
  A cyclops (D:12)
  A centaur zombie (D:6)
  An orange demon (Lair:6)
  A spiny frog (Lair:5)
  2 komodo dragons (Lair:5)
  A freezing wraith (D:14)
  An ice devil (Lair:6)
  A large abomination (Abyss:3)
  2 red devils (Lair:6)
  A meliai (D:13)
  A troll (D:13)
  A hornet (shapeshifter) (D:12)
  A blink frog (Lair:5)
  A hippogriff (D:14)
  2 yaks (Lair:6)
  2 hell hounds (Lair:6)
  A water moccasin (Lair:6)
  A crocodile (Lair:3)
  A big kobold (D:13)
  An orc priest (Orc:1)
  5 orc wizards (Orc:2)
  A worker ant (D:13)
  2 orcs (Orc:1)
  A kobold (D:13)
49 creatures vanquished.

Vanquished Creatures (others)
  3 deep elf knights (Elf:2)
  A cyclops (D:14)
  A deep elf mage (Elf:2)
  An orc (Orc:1)
  A goblin skeleton (Ossuary)
  9 fungi
  A lurking horror (Abyss:3)
  8 plants
  5 starspawn tentacles (Abyss:3)
30 creatures vanquished.

Grand Total: 1041 creatures vanquished
